AoeStats
← kkkg

Arena

509986011Analyzed
1v1 RM · 3d ago on Sep 28, 2026· 48m 47s· 2 players
Game mode
Random Map
Map size
Tiny (2 player)
Population
200
Speed
Normal
Resources
Standard
Victory
Conquest
Starting age
Dark Age
Ending age
Imperial Age
RankedLock teamsTeams togetherTeam positionsShared explorationLock speedFull tech treeHidden civsTurbo modeCheats
Victory
Defeat
🇦🇷 Burmese · Argentina
913
+14
🇨🇳 Burgundians · China
879
-14
Bacham
10:16 Feudal Age
11:47 Loom
14:29 Castle Age
14:51 Pikeman
16:11 Squires
19:24 Pikeman
25:07 Horse Collar
25:34 Scale Mail Armor
26:54 Heavy Plow
28:22 Chain Mail Armor
28:13 Scale Barding Armor
28:18 Forging
29:34 Wheelbarrow
28:46 Town Watch
28:59 Stone Mining
29:00 Gold Mining
28:37 Man-at-Arms
29:02 Gambesons
29:04 Arson
30:24 Long Swordsman
31:28 Chain Barding Armor
31:44 Iron Casting
35:01 Imperial Age
33:11 Husbandry
33:22 Bloodlines
34:13 Manipur Cavalry
36:42 Halberdier
37:47 Siege Engineers
38:43 Chemistry
38:04 Ballistics
37:52 Siege Engineers
38:10 Ballistics
39:32 Conscription
39:14 Howdah
38:42 Elite Battle Elephant
43:12 Plate Barding Armor
43:38 Blast Furnace
45:02 Plate Mail Armor
46:22 Light Cavalry
47:04 Two-Handed Swordsman
kkkg
3:46 Double-Bit Axe
8:06 Horse Collar
12:35 Feudal Age
14:11 Bow Saw
14:05 Heavy Plow
16:33 Castle Age
16:42 Forging
17:38 Husbandry
16:58 Light Cavalry
22:46 Fervor
25:07 Gold Mining
25:07 Stone Mining
26:23 Gold Shaft Mining
26:36 Burgundian Vineyards
27:53 Stone Shaft Mining
27:18 Fletching
28:27 Bodkin Arrow
28:33 Padded Archer Armor
29:10 Iron Casting
28:41 Scale Barding Armor
31:37 Imperial Age
29:54 Wheelbarrow
29:13 Loom
29:54 Ballistics
29:37 Town Watch
29:46 Treadmill Crane
30:17 Masonry
30:12 Padded Archer Armor
31:01 Hand Cart
30:46 Town Patrol
31:46 Leather Archer Armor
32:07 Iron Casting
31:38 Scale Barding Armor
33:22 Chemistry
32:53 Architecture
33:34 Conscription
33:47 Elite Coustillier
35:49 Chain Barding Armor
37:35 Murder Holes
44:28 Bracer
45:50 Blast Furnace
45:48 Plate Barding Armor
45:13 Scale Mail Armor
46:39 Squires
46:00 Pikeman
Connection lost

Rejoining the realm…

Still unreachable

The connection could not be restored.

Session expired

The server has moved on; the page needs a fresh start.